Map: [ESL] Hecate

Players

Reynor - Winner!

  • Race: Zerg Zerg
  • Spawn Location: 7:00

Dark

  • Race: Zerg Zerg
  • Spawn Location: 1:00

Event: IEM Katowice 2024

VOD

Have the link to the VOD?

Description

Time

  • Played on: Feb. 9, 2024, 11:27 a.m.
  • Length: 11:16

All games in this series

Show
View Real Time Build Order
Export as new Build Order

Reynor Zerg - Winner!

Build Orders: Hatch First 

Get SALT Encoding   

  12  0:00  Drone  
  13  0:11  Drone  
  14  0:14  Extractor  
  14  0:15  Drone  
  15  0:37  Hatchery  
  15  0:42  Extractor, Drone  
  15  0:48  Overlord  
  15  1:03  Spawning Pool  
  14  1:06  Drone  
  14  1:09  Drone  
  16  1:13  Drone  
  16  1:17  Drone  
  18  1:27  Extractor  
  18  1:28  Drone  
  18  1:38  Drone  
  19  1:49  Drone x2, Queen  
  19  1:50  Queen  
  25  2:00  Drone, Overlord  
  26  2:10  Drone  
  26  2:11  Drone  
  28  2:21  Drone x2  
  30  2:25  Queen  
  30  2:26  Queen  
  34  2:32  Overlord  
  34  2:33  Drone  
  35  2:43  Drone  
  36  2:50  Drone  
  37  2:52  Evolution Chamber  
  37  2:54  Drone x2  
  37  2:56  Overlord x2  
  37  2:58  Drone x2  
  40  3:00  Drone  
  40  3:02  Drone  
  42  3:09  Lair  
  42  3:10  Drone  
  43  3:13  Drone  
  43  3:17  Drone x2  
  46  3:24  Roach Warren  
  46  3:27  Extractor, Drone x2  
  44  3:30  Extractor  
  44  3:33  Zerg Missile Weapons Level 1, Drone x2  
  47  3:36  Overlord  
  47  3:40  Overlord  
  47  3:42  Drone  
  47  3:43  Drone  
  47  3:46  Drone x2  
  51  3:50  Extractor  
  51  3:51  Drone  
  51  3:58  Drone  
  52  4:05  Hatchery  
  52  4:07  Overseer  
  52  4:08  Glial Reconstitution  
  51  4:10  Drone  
  51  4:14  Roach x2  
  51  4:16  Roach  
  58  4:21  Overlord  
  58  4:28  Roach  
  62  4:36  Roach x3  
  66  4:42  Drone  
  67  4:46  Overlord  
  67  4:47  Evolution Chamber  
  67  4:48  Roach x4  
  74  4:55  Drone x3  
  77  5:00  Drone  
  77  5:03  Overlord  
  78  5:08  Drone x3  
  78  5:10  Drone x2  
  78  5:12  Drone  
  78  5:13  Zerg Ground Armor Level 1  
  84  5:14  Drone  
  84  5:16  Drone  
  84  5:18  Drone  
  87  5:24  Drone  
  87  5:26  Drone, Zerg Missile Weapons Level 2  
  89  5:29  Drone  
  89  5:35  Drone  
  91  5:37  Overlord  
  91  5:39  Drone  
  91  5:40  Drone x3  
  91  5:41  Extractor  
  91  5:42  Extractor  
  93  5:44  Drone  
  93  5:45  Drone x2  
  93  5:47  Overlord  
  96  5:53  Drone  
  96  5:54  Roach  
  96  5:55  Roach x3  
  105  5:58  Roach  
  105  5:59  Pneumatized Carapace  
  105  6:02  Overlord  
  105  6:03  Roach, Ravager  
  105  6:04  Ravager x2  
  112  6:08  Overlord  
  112  6:13  Roach  
  112  6:17  Overlord x2  
  114  6:19  Overlord  
  114  6:21  Ravager  
  114  6:22  Roach x2  
  119  6:26  Overseer  
  119  6:29  Roach x2  
  119  6:30  Roach  
  119  6:31  Hatchery  
  124  6:33  Ravager  
  124  6:34  Overlord  
  124  6:36  Roach x3  
  131  6:42  Roach x2  
  131  6:43  Roach x2  
  139  6:47  Overlord  
  139  6:52  Roach x4  
  139  6:53  Roach  
  149  6:57  Hydralisk Den  
  148  7:03  Overlord  
  148  7:06  Drone, Spore Crawler  
  148  7:07  Queen  
  148  7:08  Spore Crawler  
  149  7:11  Zerg Ground Armor Level 2  
  149  7:14  Drone, Spore Crawler  
  149  7:16  Drone x2  
  149  7:19  Spore Crawler, Overlord  
  149  7:21  Overseer  
  150  7:24  Overlord  
  150  7:30  Drone  
  150  7:35  Spore Crawler  
  150  7:39  Muscular Augments  
  150  7:42  Hydralisk x2  
  150  7:43  Hydralisk x4  
  162  7:45  Hydralisk  
  162  7:48  Drone x3  
  162  7:50  Ravager x2  
  162  7:51  Ravager  
  170  7:57  Roach x3, Overlord  
  176  8:00  Overlord  
  176  8:03  Overlord  
  176  8:13  Overlord  
  176  8:18  Roach x8  
  192  8:22  Overlord  
  192  8:32  Roach x8  
  194  8:37  Roach x3  
  200  8:55  Tunneling Claws  
  200  8:56  Burrow  
  198  9:06  Roach  
  200  9:15  Ravager  
  199  9:21  Roach  
  199  9:30  Infestation Pit  
  188  9:38  Roach x6  
  188  9:39  Roach  
  188  9:41  Roach x4  
  188  9:45  Roach x9  
  199  9:48  Roach  
  199  9:49  Roach x5  
  194  9:55  Hydralisk  
  194  9:59  Roach x4  
  200  10:05  Roach x14  
  200  10:09  Roach x3  
  200  10:10  Hydralisk x4, Lurker Den  
  197  10:15  Roach x34  
  197  10:16  Hydralisk x4  
  197  10:18  Roach x3  
  197  10:19  Roach x9  
  197  10:21  Roach x33  
  197  10:23  Roach  
  195  10:31  Roach x3  
  187  10:40  Roach x7  
  197  10:46  Roach x9  
  197  10:54  Roach x2  
  197  10:57  Roach x2  
  197  10:58  Extractor  
  197  11:01  Extractor  
Show
View Real Time Build Order
Export as new Build Order

Dark Zerg 

Build Orders: Hatch First 

Get SALT Encoding   

  12  0:00  Drone  
  13  0:08  Drone  
  14  0:14  Extractor, Drone  
  15  0:36  Hatchery  
  15  0:42  Extractor, Drone  
  15  0:48  Overlord  
  15  1:02  Spawning Pool  
  14  1:06  Drone  
  14  1:11  Drone  
  16  1:13  Drone  
  16  1:18  Drone  
  18  1:27  Extractor  
  18  1:31  Drone  
  18  1:40  Drone  
  19  1:49  Queen x2  
  19  1:50  Drone  
  19  1:53  Drone  
  25  2:01  Overlord  
  25  2:03  Drone  
  26  2:12  Drone  
  26  2:15  Drone  
  28  2:23  Drone x2  
  28  2:24  Queen  
  28  2:29  Queen  
  34  2:34  Overlord  
  34  2:38  Drone  
  35  2:45  Overlord  
  35  2:47  Drone  
  36  2:56  Drone x5  
  41  3:00  Drone  
  41  3:05  Drone x3  
  45  3:08  Drone  
  46  3:13  Lair  
  46  3:17  Evolution Chamber  
  46  3:18  Drone  
  46  3:20  Drone  
  46  3:26  Drone  
  48  3:33  Drone  
  48  3:34  Roach Warren  
  48  3:36  Drone  
  49  3:41  Drone x2  
  49  3:44  Zerg Missile Weapons Level 1, Drone  
  49  3:45  Extractor  
  49  3:46  Extractor  
  50  3:54  Drone x2  
  52  3:55  Extractor  
  52  4:00  Drone, Overlord  
  52  4:01  Overlord  
  52  4:09  Hatchery  
  51  4:13  Glial Reconstitution  
  51  4:17  Drone  
  51  4:19  Roach x5  
  51  4:24  Overseer  
  62  4:26  Roach  
  62  4:28  Overlord  
  62  4:29  Overlord  
  62  4:31  Roach  
  66  4:32  Overseer  
  66  4:37  Roach  
  68  4:48  Roach x4  
  68  4:49  Overlord  
  68  4:51  Roach  
  78  4:56  Roach x2  
  78  4:59  Drone  
  83  5:03  Drone  
  83  5:05  Overseer  
  84  5:12  Drone x4  
  88  5:16  Spire  
  88  5:18  Overlord  
  87  5:22  Roach x2  
  87  5:23  Roach  
  87  5:28  Roach x2  
  97  5:31  Overlord  
  97  5:35  Drone, Overlord  
  98  5:39  Zerg Missile Weapons Level 2  
  98  5:41  Drone  
  98  5:42  Drone  
  100  5:45  Drone x2  
  100  5:48  Drone  
  100  5:49  Drone  
  104  5:52  Drone x2  
  104  5:53  Drone x2  
  104  5:56  Drone  
  109  5:58  Drone x2  
  109  6:01  Extractor x2, Drone  
  110  6:05  Overlord  
  110  6:09  Overlord  
  110  6:24  Drone x2  
  110  6:25  Drone  
  113  6:27  Mutalisk x5  
  113  6:31  Roach x3  
  129  6:32  Overseer  
  129  6:37  Overlord  
  129  6:38  Drone x2, Overlord  
  131  6:44  Roach x3  
  137  6:47  Overlord x2  
  137  6:49  Overlord  
  137  6:53  Overlord  
  137  7:05  Roach x7  
  151  7:11  Roach  
  151  7:12  Roach x3  
  159  7:18  Hatchery  
  159  7:21  Roach x2  
  159  7:22  Roach x2  
  166  7:29  Roach x3  
  174  7:30  Roach x2  
  174  7:32  Ravager x2  
  174  7:35  Overlord  
  174  7:36  Overlord  
  178  7:40  Overlord  
  178  7:42  Overlord  
  178  7:44  Overlord  
  178  7:45  Overlord  
  178  7:49  Overlord  
  178  7:55  Zerg Ground Armor Level 1  
  178  7:57  Ravager x7  
  187  7:58  Roach x2  
  187  7:59  Roach  
  187  8:01  Roach  
  187  8:03  Roach  
  195  8:06  Roach x2  
  199  8:23  Roach  
  199  8:29  Roach x4  
  199  8:31  Roach x2  
  199  8:32  Roach  
  199  8:33  Roach  
  199  8:43  Pneumatized Carapace  
  199  8:50  Drone  
  199  8:51  Roach  
  199  8:54  Drone  
  199  8:55  Extractor  
  198  8:56  Roach  
  200  9:05  Spore Crawler, Overlord x2  
  200  9:06  Overlord  
  200  9:07  Extractor  
  198  9:14  Ravager x2  
  198  9:16  Infestation Pit  
  199  9:19  Roach  
  199  9:21  Ravager  
  200  9:34  Hydralisk Den  
  193  9:41  Roach x7  
  193  9:42  Roach  
  179  9:47  Roach x13  
  179  9:48  Roach x3  
  179  9:51  Roach  
  189  9:54  Roach x3  
  189  9:55  Roach x3  
  189  9:57  Roach x3  
  189  9:59  Roach  
  192  10:01  Roach  
  192  10:03  Ravager x4  
  196  10:08  Roach x2  
  194  10:14  Roach  
  194  10:16  Roach x3  
  194  10:18  Overseer  
  194  10:19  Roach x2  
  194  10:20  Roach  
  200  10:26  Roach  
  195  10:30  Roach x4  
  195  10:31  Roach x3  
  193  10:36  Roach x2  
  193  10:38  Roach  
  193  10:42  Roach  
  195  10:44  Roach  
  195  10:46  Roach  
  195  10:49  Roach  
  189  10:53  Roach x2  
  189  10:56  Roach  

Tags
 
Add a new tag
Caveats
  • Supply blocks, unpowered buildings, or Contaminate may cause inaccurate times.
  • Supply counts are checked every 10 seconds.